 Seeded DCSS version 0.30-a0-1074-g5db6f66fbb (webtiles) character file.

Game seed: 17956807148383727684 (custom seed)

127 bmack86 the Covered (level 4, 0/41 HPs)
             Began as a Minotaur Fighter on Apr 13, 2023.
             Slain by a gnoll sergeant
             ... wielding a +0 spear
              (3 damage)
             ... on level 3 of the Dungeon.
             The game lasted 00:06:05 (2003 turns).

bmack86 the Covered (Minotaur Fighter)              Turns: 2003, Time: 00:06:06

Health: 0/41       AC: 10    Str: 23    XL:     4   Next: 85%
Magic:  3/3        EV:  9    Int: 11    God:
Gold:   105        SH:  4    Dex:  9    Spells: 3/3 levels left

rFire   + . .      SeeInvis .    a - +0 war axe
rCold   . . .      Faith    .    c - +0 buckler
rNeg    . . .      Spirit   .    b - +0 scale mail
rPois   .          Reflect  .    (helmet restricted)
rElec   .          Rampage  .    l - +0 cloak
rCorr   .                        (no gloves)
Will    .....                    f - +1 pair of boots Stlth
                                 (no amulet)
HPRegen 0.26/turn                j - ring of protection from fire
MPRegen 0.08/turn                t - +6 ring of intelligence

@: mighty, about to teleport, hasted, very quick
A: horns 2, retaliatory headbutt
a: no special abilities


You were on level 3 of the Dungeon.
You visited 1 branch of the dungeon, and saw 3 of its levels.

You collected 105 gold pieces.

Inventory:

Hand Weapons
 a - a +0 war axe (weapon)
Missiles
 q - 4 poisoned darts (quivered)
Armour
 b - a +0 scale mail (worn)
 c - a +0 buckler (worn)
 f - a +1 pair of boots (worn)
 l - a +0 cloak (worn)
Jewellery
 j - a ring of protection from fire (left hand)
 t - a +6 ring of intelligence (right hand)
Scrolls
 h - a scroll of silence {unknown}
 k - a scroll of brand weapon {unknown}
 p - a scroll of poison {unknown}
 r - a scroll of blinking {unknown}
 u - a scroll of identify {unknown}
Potions
 e - a potion of flight {unknown}
 g - 3 potions of brilliance {unknown}
 i - 3 potions of haste
 m - 2 potions of curing {unknown}
 n - a potion of cancellation {unknown}
 o - a potion of magic {unknown}
 s - a potion of mutation {unknown}
 v - a potion of ambrosia {unknown}


   Skills:
 + Level 4.5 Fighting
 + Level 3.6 Axes
 + Level 0.3 Throwing
 + Level 4.6 Armour
 + Level 4.6 Shields


You had 3 spell levels left.
You didn't know any spells.
Your spell library contained the following spells:

 Spells                   Type           Power      Damage    Failure   Level
 Lesser Beckoning         Tloc           0%         N/A       86%         2
 Gell's Gravitas          Tloc           0%         N/A       98%         3
 Teleport Other           Tloc           0%         N/A       98%         3


Dungeon Overview and Level Annotations

Branches:
Dungeon (3/15)

Altars:


Innate Abilities, Weirdness & Mutations

You have a pair of horns on your head.
You reflexively headbutt those who attack you in melee.


Message History

You block the gnoll's attack. x2
The gnoll sergeant hits you with a +0 spear.
You closely miss the gnoll sergeant.
The gnoll sergeant is lightly wounded.
The gnoll sergeant hits you but does no damage.
The gnoll hits you but does no damage. The gnoll sergeant blocks your attack.
The gnoll sergeant is lightly wounded.
The gnoll sergeant hits you with a +0 spear.
The gnoll barely misses you.
You hit the gnoll sergeant but do no damage.
The gnoll sergeant is lightly wounded.
The gnoll sergeant hits you but does no damage.
The gnoll hits you from afar with a +0 spear.
* * * LOW HITPOINT WARNING * * *
The gnoll sergeant hits you but does no damage.
The gnoll misses you. The gnoll sergeant blocks your attack.
The gnoll sergeant is lightly wounded.
The gnoll sergeant hits you but does no damage.
The gnoll hits you but does no damage.
An adder comes into view.
The gnoll sergeant blocks your attack.
The gnoll sergeant is lightly wounded.
The adder hisses angrily.
The gnoll sergeant closely misses you. The gnoll barely misses you.
You hit the gnoll sergeant.
The gnoll sergeant is moderately wounded.
The gnoll sergeant hits you but does no damage.
The gnoll hits you but does no damage.
The gnoll sergeant hits you with a +0 spear.
* * * LOW HITPOINT WARNING * * *
The gnoll barely misses you.
As you read the scroll of teleportation, it crumbles to dust.
You feel strangely unstable. The gnoll sergeant closely misses you.
The gnoll hits you from afar with a +0 spear.
* * * LOW HITPOINT WARNING * * *
It was a potion of haste.
You feel yourself speed up.
The gnoll sergeant hits you with a +0 spear.
You die...

#.......###.# .#
#...........#######.#
#...................#>.#
#...........#.........#
#####............#..# #
#.........###.#
####....##...# #.#
...#....##.### #†#
##..(......# #@# # ..
...# #g# # . ...
#gg...... # ...
#g....... ##....
#...(g... ......
#........ ...##.
#........ ##.# #........
.. ##.......


You could see a gnoll sergeant and 3 gnolls.

Vanquished Creatures
  A gnoll (D:3)
  5 adders
  A worm (D:2)
  5 bats
  5 endoplasms
  A giant cockroach (D:3)
  9 goblins
  12 hobgoblins
  7 jackals (D:1)
  4 kobolds
  5 ball pythons
  2 frilled lizards (D:2)
  7 rats
64 creatures vanquished.

Notes
Turn   | Place    | Note
-------+----------+-------------------------------------------
     0 | D:1      | bmack86 the Minotaur Fighter began the quest for the Orb.
     0 | D:1      | Reached XP level 1. HP: 19/19 MP: 0/0
    49 | D:1      | Found a faded altar of an unknown god.
   119 | D:1      | Reached XP level 2. HP: 24/27 MP: 1/1
   339 | D:1      | Reached XP level 3. HP: 33/33 MP: 2/2
  1272 | D:2      | Reached XP level 4. HP: 35/41 MP: 3/3
  1980 | D:3      | Noticed a gnoll sergeant
  2002 | D:3      | HP: 2/41 [gnoll/+0 spear[a gnoll sergeant] (2)]
  2003 | D:3      | Slain by a gnoll sergeant

Illustrated notes

Levels and vault maps discovered:
D:1:      psy_arrival_fountain, layout_basic,
          dreamdust_ecumenical_altar_statues, minmay_surrounded
D:2:      layout_basic, hangedman_abyss_or_decor_stabs
D:3:      layout_basic

Skill      XL: |  1  2 |
---------------+-------+-----
Fighting       | 4 |  4.5
Shields        | 4 |  4.6
Armour         | 4 |  4.6
Axes           | 3 |  3.6
Throwing       | |  0.3

Action                     |  1- 3 |  4- 6 || total
---------------------------+-------+-------++-------
  Melee: War axe           |    80 |    49 ||   129
         Headbutt          |    11 |     5 ||    16
    Use: Scroll            |     1 |     1 ||     2
         Potion            |       |     2 ||     2
 Armour: Scale mail        |    55 |    36 ||    91
  Dodge: Dodged            |    48 |    34 ||    82
  Block: Buckler           |    38 |     8 ||    46

Table legend: (Time is in decaauts)
 A = Elapsed time spent in this place.
 B = Non-inter-level travel time spent in this place.
 C = Inter-level travel time spent in this place.
 D = Time resting spent in this place.
 E = Time spent auto-exploring this place.
 F = Levels seen in this place.
 G = Mean time per level.
                   A        B        C        D        E       F      G
               +--------+--------+--------+--------+--------+-----+--------+
         Total |   2051 |   1978 |     73 |      0 |   1009 |   3 |  683.7 |
       Dungeon |   2051 |   1978 |     73 |      0 |   1009 |   3 |  683.7 |
               +--------+--------+--------+--------+--------+-----+--------+

Top non-repeatable levels by time:
     D:1: 908 daAuts
     D:2: 590 daAuts
     D:3: 552 daAuts
